AoeStats
← daitoudaguo

Arabia

510717230Analyzed
1v1 RM · 17h ago on Oct 2, 2026· 35m 37s· 2 players
Game mode
Random Map
Map size
Tiny (2 player)
Population
200
Speed
Normal
Resources
Standard
Victory
Conquest
Starting age
Dark Age
Ending age
Imperial Age
RankedLock teamsTeams togetherTeam positionsShared explorationLock speedFull tech treeHidden civsTurbo modeCheats
Victory
Defeat
🇨🇳 Magyars · China
1285
+17
🇺🇦 Tupi · Ukraine
1298
-17
daitoudaguo
6:52 Loom
9:14 Feudal Age
15:45 Scale Barding Armor
18:06 Bloodlines
22:29 Castle Age
20:39 Double-Bit Axe
20:50 Horse Collar
22:31 Light Cavalry
23:50 Bow Saw
24:04 Chain Barding Armor
24:46 Fletching
24:56 Padded Archer Armor
25:14 Town Watch
26:34 Wheelbarrow
26:24 Bodkin Arrow
26:35 Husbandry
27:47 Heavy Plow
30:39 Ballistics
31:29 Thumb Ring
32:32 Hand Cart
34:06 Leather Archer Armor
Porozhniak Natria
6:45 Loom
9:56 Feudal Age
10:05 Champi Runner
10:34 Double-Bit Axe
11:50 Arson
12:44 Fletching
14:28 Horse Collar
22:32 Castle Age
20:52 Gold Mining
21:46 Scale Mail Armor
21:57 Forging
22:36 Pikeman
22:39 Crossbowman
23:21 Bodkin Arrow
23:29 Squires
26:32 Chain Mail Armor
28:04 Wheelbarrow
27:44 Bow Saw
29:31 Padded Archer Armor
31:26 Iron Casting
32:21 Gold Shaft Mining
31:48 Heavy Plow
32:45 Elite Skirmisher
34:45 Ballistics
34:34 Champi Warrior
Connection lost

Rejoining the realm…

Still unreachable

The connection could not be restored.

Session expired

The server has moved on; the page needs a fresh start.